 Dungeon Crawl Stone Soup version 0.27-a0-512-g57cc695410 (webtiles) character file.

Game seed: 743586136887316781

1 littlecub the Sneak (level 1, 0/9 HPs)
             Began as a Spriggan Enchanter on Mar 3, 2021.
             Slain by a ball python (1 damage)
             ... on level 1 of the Dungeon.
             The game lasted 00:00:19 (132 turns).

littlecub the Sneak (Spriggan Enchanter)             Turns: 132, Time: 00:00:20

Health: 0/9        AC:  2    Str:  4    XL:     1   Next: 16%
Magic:  2/5        EV: 14    Int: 16    God:
Gold:   21         SH:  0    Dex: 15    Spells: 4/5 levels left

rFire    . . .     SeeInvis +   a - +1 dagger
rCold    . . .     Faith    .   (shield restricted)
rNeg     . . .     Spirit   .   b - +0 robe
rPois    .         Reflect  .   (helmet restricted)
rElec    .         Harm     .   (no cloak)
rCorr    .         Rampage  .   (gloves unavailable)
Will     .....                  (boots unavailable)
Stlth    +++.......             (no amulet)
HPRegen  0.03/turn              (no ring)
MPRegen  0.09/turn              (no ring)

@: constricted, very quick
A: very small, unfitting armour, see invisible, speed 3
a: no special abilities


You were on level 1 of the Dungeon.
You visited 1 branch of the dungeon, and saw 1 of its levels.

You collected 21 gold pieces.

Inventory:

Hand Weapons
 a - a +1 dagger (weapon)
Armour
 b - a +0 robe (worn)
Scrolls
 c - a scroll of enchant weapon {unknown}


   Skills:
 + Level 0.0 Fighting
 * Level 1.1 Short Blades
 + Level 2.7 Dodging
 * Level 4.4 Stealth
 + Level 2.7 Spellcasting
 * Level 3.6 Hexes


You had 4 spell levels left.
You knew the following spells:

 Your Spells              Type           Power        Failure   Level
a - Corona                Hex            14%          4%          1

Your spell library contained the following spells:

 Spells                   Type           Power        Failure   Level
 Confusing Touch          Hex            13%          13%         3
 Tukima's Dance           Hex            13%          13%         3
 Ensorcelled Hibernation  Hex/Ice        16%          14%         2
 Dazzling Flash           Conj/Hex       16%          26%         3


Dungeon Overview and Level Annotations

Branches:
Dungeon (1/15)

Altars:


Innate Abilities, Weirdness & Mutations

You are very small and have problems with some larger weapons.
You are too small for most types of armour.
You have supernaturally acute eyesight. (SInv)
You cover ground extremely quickly.


Message History

The kobold hits you with a +0 whip.
Aiming: Corona (safe; 4% risk of failure)
Press: ? - help, Q - select action Shift-Dir - straight line, f - kobold
Aim: a kobold, wielding a +0 whip (chance to affect: 67%)
The kobold barely resists.
The kobold misses you.
Aiming: Corona (safe; 4% risk of failure)
Press: ? - help, Q - select action Shift-Dir - straight line, f/p - kobold
Aim: a kobold, wielding a +0 whip (chance to affect: 67%)
The kobold barely resists.
The kobold hits you with a +0 whip.
Aiming: Corona (safe; 4% risk of failure)
Press: ? - help, Q - select action Shift-Dir - straight line, f/p - kobold
Aim: a kobold, wielding a +0 whip (chance to affect: 67%)
The kobold is outlined in light.
The kobold barely misses you. The bat closely misses you.
You hit the kobold but do no damage. The bat hits you but does no damage.
The bat misses you. The kobold hits you with a +0 whip.
* * * LOW HITPOINT WARNING * * *
You hit the kobold but do no damage. The bat completely misses you.
The giant cockroach completely misses you.
The kobold closely misses you.
You hit the kobold.
The kobold is moderately wounded.
The giant cockroach completely misses you.
The kobold completely misses you.
The ball python bites you but does no damage.
The ball python completely misses you.
You hit the kobold.
The kobold is severely wounded.
The bat barely misses you. The bat misses you.
The giant cockroach bites you but does no damage.
The ball python barely misses you. The ball python grabs you.
* * * LOW HITPOINT WARNING * * *
The ball python constricts you. The kobold completely misses you.
You barely miss the kobold.
The kobold is severely wounded.
The bat closely misses you. The giant cockroach closely misses you.
The ball python bites you.
You die...

######.## ........# ...
........# ..# .(......##
...## ....⌠.... .....
#.......# .$#.##
#####.....######.....#
#...#.......gS#......#
###.#.##....#.#B@Kb....#
....#..#'...#.####.....#
######..#...#.. ....#
##...#####..#### ...#
##.#.#...#.B#
..#########
##.#.#.#.#.S##
.#........
+..#.#.#.'...# #........
##.#.#.###...###
#........ ##.#...#
#.....#########........


You could see a giant cockroach, a goblin, a bat, a ball python and a kobold
(corona).

Vanquished Creatures
  A goblin (D:1)
1 creature vanquished.

Notes
Turn   | Place    | Note
-------+----------+-------------------------------------------
     0 | D:1      | littlecub the Spriggan Enchanter began the quest for the
                  | Orb.
     0 | D:1      | Reached XP level 1. HP: 9/9 MP: 5/5
   132 | D:1      | Slain by a ball python

Illustrated notes

Levels and vault maps discovered:
D:1:      nicolae_arrival_somewhat_less_tricky_arrival, layout_basic

Action                   || total
-------------------------++-------
Melee: Dagger            ||     7
 Cast: Corona            ||     4
 Stab: Sleeping          ||     1
Armor: Robe              ||     3
Dodge: Dodged            ||    20

Table legend: (Time is in decaauts)
 A = Elapsed time spent in this place.
 B = Non-inter-level travel time spent in this place.
 C = Inter-level travel time spent in this place.
 D = Time resting spent in this place.
 E = Time spent auto-exploring this place.
 F = Levels seen in this place.
 G = Mean time per level.
                   A        B        C        D        E       F      G
               +--------+--------+--------+--------+--------+-----+--------+
         Total |     85 |     85 |      0 |      0 |     51 |   1 |   85.0 |
       Dungeon |     85 |     85 |      0 |      0 |     51 |   1 |   85.0 |
               +--------+--------+--------+--------+--------+-----+--------+

Top non-repeatable levels by time:
     D:1: 85 daAuts
